 Dungeon Crawl Stone Soup version 0.25-a0-734-g73332aeda9 (console) character file.

Game seed: 14491326900503948134, levelgen mode: deterministic

238 AlterAsc the Chiller (level 5, 0/29 HPs)
             Began as a Deep Elf Ice Elementalist on Apr 10, 2020.
             Slain by a centaur (10 damage)
             ... on level 5 of the Dungeon.
             The game lasted 00:16:34 (3268 turns).

AlterAsc the Chiller (Deep Elf Ice Elementalist)    Turns: 3268, Time: 00:16:34

Health: 0/29       AC:  4    Str:  5    XL:     5   Next: 78%
Magic:  8/13       EV: 14    Int: 21    God:
Gold:   154        SH:  0    Dex: 15    Spells: 5/13 levels left

rFire    . . .     SeeInvis +   o - +0 short sword (elec)
rCold    . . .     Gourm    .   (no shield)
rNeg     . . .     Faith    .   a - +0 robe
rPois    +         Spirit   .   (no helmet)
rElec    .         Reflect  .   u - +0 cloak
rCorr    .         Harm     .   d - +0 pair of gloves
MR       .....                  (no boots)
Stlth    ++........             (no amulet)
HPRegen  0.09/turn              r - ring of see invisible
MPRegen  0.13/turn              t - ring of poison resistance

@: very slightly contaminated
A: no striking features
a: no special abilities


You were on level 5 of the Dungeon.
You were not hungry.

You visited 1 branch of the dungeon, and saw 5 of its levels.

You collected 154 gold pieces.

Inventory:

Hand Weapons
 f - a +0 dagger
 l - a +0 halberd
 o - a +0 short sword of electrocution (weapon)
 s - a +2 falchion of holy wrath
Missiles
 e - 2 atropa-tipped darts (quivered)
Armour
 a - a +0 robe (worn)
 d - a +0 pair of gloves (worn)
 u - a +0 cloak (worn)
Jewellery
 g - a +4 ring of evasion {unknown}
 r - a ring of see invisible (left hand)
 t - a ring of poison resistance (right hand)
 w - an uncursed ring of fire
Wands
 q - a wand of random effects (28)
Scrolls
 b - a scroll of magic mapping {unknown}
 j - a scroll of identify {unknown}
 k - a scroll of remove curse {unknown}
 n - 2 scrolls of blinking {unknown}
 p - a scroll of immolation {unknown}
 y - a scroll of amnesia {unknown}
Potions
 h - a potion of degeneration {unknown}
 i - a potion of mutation {unknown}
 m - 2 potions of curing {unknown}
 v - a potion of flight {unknown}
 x - a potion of brilliance {unknown}
 z - a potion of stabbing {unknown}
 B - a potion of heal wounds {unknown}
Comestibles
 c - 5 rations
 A - 6 chunks of flesh


   Skills:
 + Level 1.4 Fighting
 + Level 3.5 Dodging
 - Level 2.4 Stealth
 * Level 4.6 Spellcasting
 * Level 2.4 Conjurations
 * Level 5.6 Ice Magic


You had 5 spell levels left.
You knew the following spells:

 Your Spells              Type           Power        Failure   Level  Hunger
a - Freeze                Ice            ####         1%          1    None
b - Frozen Ramparts       Ice            ####..       3%          3    ##.....
c - Hailstorm             Conj/Ice       ###.....     22%         4    ####...

Your spell library contained the following spells:

 Spells                   Type           Power        Failure   Level  Hunger
 Ozocubu's Armour         Chrm/Ice       ###.....     11%         3    ##.....
 Summon Ice Beast         Ice/Summ       ###.....     34%         4    ####...


Dungeon Overview and Level Annotations

Branches:
Dungeon (5/15)
 Temple: D:4-7

Altars:
Makhleb
Zin
The Shining One


Message History

The walls around you are covered in ice.
Throwing (i - inventory)
e - 3 atropa-tipped darts (quivered)
Press: ? - help, Shift-Dir - straight line, f - centaur
Aim: a centaur, quivering 21 arrows (resting, chance to blind on hit: 67%)
You throw an atropa-tipped dart.
The atropa-tipped dart hits the centaur.
The centaur resists.
The centaur wields a +4 shortbow.
The centaur shoots an arrow.
The arrow completely misses you.
The centaur shoots an arrow.
The arrow hits you but does no damage.
The wall freezes the centaur.
The centaur shoots an arrow.
The arrow hits you.
Press: ? - help, v - describe, . - travel
Here: a centaur, wielding a +4 shortbow and quivering 18 arrows (lightly wounded)
The floor.
The wall freezes the centaur but do no damage.
The centaur shoots an arrow.
The arrow misses you.
The wall freezes the centaur.
The centaur shoots an arrow.
The arrow hits you!
You see here 2 arrows.
The frozen ramparts melt away.
The centaur unwields a +4 shortbow.
The centaur hits you!
You die...

###........
.......... .##
........##..##
#.....#...#
##....##..###..
#..##..#.......
##.####....#
##.## ##c..##
##.## ##@(.># .
###..##
##(###.....# .
#.....####..#
#....# .
####....#.(##
#.... .
#.###.....#
..c# .
#(.##...## ...
. #......# .
##..#...#
#.###......


You could see a centaur.

Vanquished Creatures
  A centaur skeleton (D:4)
  An orc priest (D:4)
  Terence (D:3)
  A worker ant (D:4)
  A gnoll (D:1)
  5 adders
  2 worms
  A dart slug (D:2)
  2 leopard geckos
  9 orcs
  5 giant cockroaches
  3 goblins
  7 hobgoblins
  2 jackals (D:1)
  7 kobolds
  A ball python (D:1)
  7 bats
  9 frilled lizards
  6 rats
71 creatures vanquished.

Notes
Turn   | Place    | Note
-------+----------+-------------------------------------------
     0 | D:1      | AlterAsc the Deep Elf Ice Elementalist began the quest for
                  | the Orb.
     0 | D:1      | Reached XP level 1. HP: 10/10 MP: 6/6
   257 | D:1      | Reached XP level 2. HP: 14/15 MP: 2/8
   652 | D:1      | Reached skill level 5 in Ice Magic
   652 | D:1      | Reached XP level 3. HP: 20/20 MP: 6/10
   830 | D:1      | Learned a level 3 spell: Frozen Ramparts
  1313 | D:2      | Found a glowing golden altar of the Shining One.
  1612 | D:3      | Reached XP level 4. HP: 16/24 MP: 9/12
  1620 | D:2      | Learned a level 4 spell: Hailstorm
  1911 | D:3      | Noticed Terence
  1926 | D:3      | Killed Terence
  1926 | D:3      | Reached skill level 1 in Fighting
  1934 | D:3      | Reached skill level 1 in Conjurations
  2472 | D:3      | Reached XP level 5. HP: 10/29 MP: 7/13
  2893 | D:4      | Found a burning altar of Makhleb.
  2895 | D:4      | Found a glowing silver altar of Zin.
  2895 | D:4      | Noticed a green death
  2895 | D:4      | Noticed an angel
  3045 | D:5      | Entered Level 5 of the Dungeon
  3051 | D:5      | Noticed a sky beast
  3251 | D:5      | Noticed a centaur
  3268 | D:5      | Slain by a centaur

Levels and vault maps discovered:
D:1:      lemuel_arrival_funnel, layout_loops_cross
D:2:      layout_loops_ring, nicolae_tso_carved_into_rock
D:3:      layout_rooms, first_ration, uniq_terence
D:4:      layout_rooms, grunt_temple_overflow_order_and_chaos_2
D:5:      minmay_goblin_kobold_castle, layout_layer_cave,
          biasface_ghost_orc_armoury, nemelex_xobeh_ov_fountains_minmay

Skill      XL: |  1  2  3  4  5 |
---------------+----------------+-----
Ice Magic      | 5 |  5.6
Dodging        | 3 |  3.5
Spellcasting   | 4 |  4.6
Fighting       | 1 |  1.4
Conjurations   | 1 2 |  2.4
Stealth        | |  2.4

Action                   |  1- 3 |  4- 6 || total
-------------------------+-------+-------++-------
Melee: Dagger            |     1 |       ||     1
       Short sword       |     1 |    11 ||    12
Throw: Dart              |       |     1 ||     1
 Cast: Freeze            |    60 |    28 ||    88
       Frozen Ramparts   |       |     8 ||     8
       Hailstorm         |       |     2 ||     2
 Stab: Sleeping          |     1 |       ||     1
  Eat: Chunk             |     2 |     3 ||     5
       Ration            |       |     1 ||     1
Armor: Robe              |    13 |     9 ||    22
Dodge: Dodged            |    28 |    33 ||    61

Table legend:
 A = Non-vault XP
 B = Vault XP
 C = Vault XP percentage of total XP
 D = Non-vault monster count
 E = Vault monster count
 F = Vault count percentage of total count
                 A         B        C        D         E       F
            +---------+---------+-------+---------+---------+-------
      Total |     308 |      32 |   9.4 |      70 |       1 |   1.4
            +---------+---------+-------+---------+---------+-------
        D:1 |      50 |       0 |   0.0 |      23 |       0 |   0.0
        D:2 |      38 |       0 |   0.0 |      15 |       0 |   0.0
        D:3 |      79 |      32 |  28.8 |      19 |       1 |   5.0
        D:4 |     135 |       0 |   0.0 |      11 |       0 |   0.0
        D:5 |       6 |       0 |   0.0 |       2 |       0 |   0.0
            +---------+---------+-------+---------+---------+-------
